 Dungeon Crawl Stone Soup version 0.19.4-10-g532645f (webtiles) character file.

259 Rrauwl the Skirmisher (level 6, -1/63 HPs)
             Began as an Ogre Warper on Feb 25, 2017.
             Slain by Grinder (6 damage)
             ... on level 3 of the Dungeon.
             The game lasted 00:19:34 (4738 turns).

Rrauwl the Skirmisher (Ogre Warper)                 Turns: 4738, Time: 00:19:35

Health: -1/63      AC:  3    Str: 17    XL:     6   Next: 17%
Magic:  11/11      EV: 10    Int: 13    God:
Gold:   118        SH:  0    Dex: 10    Spells: 1 memorised, 9 levels left

rFire  . . .     SeeInvis .     a - +1 mace
rCold  . . .     Gourm    .     b - +0 robe
rNeg   . . .     Faith    .     (no shield)
rPois  .         Spirit   .     (helmet restricted)
rElec  .         Reflect  .     (no cloak)
rCorr  .         Harm     .     (gloves unavailable)
MR     .....                    (boots unavailable)
Stlth  +.........               k - amulet of magic regeneration
                                (no ring)
                                (no ring)

@: no status effects
A: unfitting armour, tough skin 1
a: no special abilities


You were on level 3 of the Dungeon.
You were not hungry.

You visited 1 branch of the dungeon, and saw 3 of its levels.

You collected 118 gold pieces.

Inventory:

Hand Weapons
 a - a +1 mace (weapon)
Missiles
 i - a throwing net (quivered)
Armour
 b - a +0 robe (worn)
Jewellery
 k - an amulet of magic regeneration (around neck)
Scrolls
 d - a scroll of blinking
 g - 4 scrolls of identify
 l - a scroll of remove curse
 m - 2 scrolls of enchant weapon
 n - a scroll of teleportation
Potions
 e - a potion of agility
 j - a potion of lignification
Books
 c - a book of Spatial Translocations

   Spells                             Type                      Level
   a - Blink                          Translocation                2
   b - Shroud of Golubria             Charms/Translocation         2
   c - Lesser Beckoning               Translocation                3
   d - Portal Projectile              Translocation                3
   e - Teleport Other                 Translocation                3
   f - Passage of Golubria            Translocation                4
Comestibles
 f - 2 bread rations
 o - 6 chunks of flesh


   Skills:
 + Level 4.3 Fighting
 + Level 4.0 Maces & Flails
 + Level 2.7 Throwing
 + Level 1.0 Armour
 + Level 2.8 Dodging
 + Level 3.4 Spellcasting
 + Level 2.5 Translocations


You had 9 spell levels left.
You knew the following spells:

 Your Spells              Type           Power        Failure   Level  Hunger
a - Blink                 Tloc           N/A          14%         2    ##.....


Dungeon Overview and Level Annotations

Branches:
Dungeon (3/15)

Altars:
Fedhas

Annotations:
D:3 Grinder


Innate Abilities, Weirdness & Mutations

You are too large for most types of armour.
You have tough skin. (AC +1)


Message History

Grinder hits you!
* * * LOW HITPOINT WARNING * * *
You writhe in agony.
* * * LOW HITPOINT WARNING * * *
You feel better. Grinder barely misses you.
You closely miss Grinder.
Grinder is heavily wounded.
Grinder hits you!
* * * LOW HITPOINT WARNING * * *
Grinder hits you but does no damage.
You feel better. Grinder hits you.
* * * LOW HITPOINT WARNING * * *
You writhe in agony.
* * * LOW HITPOINT WARNING * * *
You closely miss Grinder.
Grinder is heavily wounded.
Grinder hits you.
* * * LOW HITPOINT WARNING * * *
You writhe in agony.
You die...

#### ########### #..
..........# #.#
#.#########.####.# #.#
#.......# #.#
######.@####(# . #.#
#......5...#)####.8._ #.#
#.####..##.#(......8.
#.###.####..##.###.#5...8
######...........##.# .#
... ........########.##.#
.# .
.#####...........##.# .#
.# ##)###########.# ##
.######.# #.#


You could see Grinder.

Vanquished Creatures
  An ogre (D:3)
  7 gnolls (D:3)
  An adder (D:2)
  An ooze (D:1)
  3 dart slugs
  3 worms
  3 leopard geckos
  An orc (D:2)
  6 giant cockroaches
  9 goblins
  9 hobgoblins
  4 jackals (D:2)
  A quokka (D:2)
  3 ball pythons
  8 bats
  4 frilled lizards
  5 kobolds
  9 rats
78 creatures vanquished.

Notes
Turn   | Place    | Note
-------+----------+-------------------------------------------
     0 | D:1      | Rrauwl the Ogre Warper began the quest for the Orb.
     0 | D:1      | Reached XP level 1. HP: 22/22 MP: 3/3
   368 | D:1      | Reached XP level 2. HP: 16/31 MP: 5/5
   557 | D:1      | Learned a level 2 spell: Blink
  1057 | D:1      | Reached XP level 3. HP: 37/37 MP: 6/6
  1842 | D:2      | Reached XP level 4. HP: 44/46 MP: 7/7
  2691 | D:3      | Noticed an ogre
  3037 | D:3      | Found a blossoming altar of Fedhas.
  3176 | D:3      | Killed an ogre
  3176 | D:3      | Reached XP level 5. HP: 54/54 MP: 9/9
  3971 | D:3      | Reached skill level 1 in Armour
  4282 | D:3      | Reached XP level 6. HP: 57/63 MP: 9/11
  4708 | D:3      | Noticed Grinder
  4711 | D:3      | Found a faded altar of an unknown god.
  4734 | D:3      | HP: 3/63 [Grinder (2)]
  4738 | D:3      | Slain by Grinder

Skill      XL: |  1  2  3  4  5 |
---------------+----------------+-----
Fighting       | 3 4 |  4.3
Maces & Flails | 3 4 |  4.0
Throwing       | 2 |  2.7
Spellcasting   | 3 |  3.4
Armour         | 1 |  1.0
Dodging        | |  2.8
Translocations | |  2.5

Action                   |  1- 3 |  4- 6 || total
-------------------------+-------+-------++-------
Melee: Mace              |   126 |   170 ||   296
Throw: Tomahawk          |     5 |       ||     5
       Throwing net      |       |     1 ||     1
 Cast: Blink             |       |     3 ||     3
  Use: Scroll            |     3 |     3 ||     6
       Potion            |       |     5 ||     5
 Stab: Invisible         |       |     2 ||     2
  Eat: Chunk             |     3 |     7 ||    10
       Pizza             |       |     1 ||     1
       Bread ration      |       |     1 ||     1
Armor: Robe              |    36 |    25 ||    61
       Skin              |       |     5 ||     5
Dodge: Dodged            |    86 |    81 ||   167
